 Dungeon Crawl Stone Soup version 0.31-a0-765-g67fe2935dc (webtiles) character file.

Game seed: 3490263857399509418

32 Newt the Trooper (level 3, -1/29 HPs)
             Began as a Demonspawn Gladiator on Sept 15, 2023.
             Slain by a gnoll
             ... wielding a +0 club
              (6 damage)
             ... on level 1 of the Dungeon.
             The game lasted 00:01:19 (708 turns).

Newt the Trooper (Demonspawn Gladiator)              Turns: 708, Time: 00:01:20

Health: -1/29      AC:  3    Str: 16    XL:     3   Next: 10%
Magic:  3/3        EV: 12    Int:  9    God:
Gold:   17         SH:  0    Dex: 14    Spells: 2/2 levels left

rFire   . . .        a - +0 rapier
rCold   . . .        (no shield)
rNeg    . . .        b - +0 leather armour
rPois   .            (helmet restricted)
rElec   .            (no cloak)
rCorr   .            (no gloves)
SInv    .            (no boots)
Will    .....        k - amulet of magic regeneration
Stlth   +            (no ring)
HPRegen 0.24/turn    (no ring)
MPRegen 0.48/turn

%: no passive effects
@: no status effects
A: antennae 1, powered by death 1
a: no special abilities


You were on level 1 of the Dungeon.
You visited 1 branch of the dungeon, and saw 2 of its levels.

You collected 17 gold pieces.

Inventory:

Hand Weapons
 a - a +0 rapier (weapon)
Missiles
 d - 2 throwing nets (quivered)
 e - a javelin
Armour
 b - a +0 leather armour (worn)
 c - a +0 helmet
Jewellery
 k - an amulet of magic regeneration (around neck)
Scrolls
 f - a scroll of brand weapon {unknown}
 h - 2 scrolls of teleportation {unknown}
 j - a scroll of identify {unknown}
 l - a scroll of fear {unknown}
 m - a scroll of enchant armour {unknown}
Potions
 g - a potion of ambrosia {unknown}
 i - a potion of mutation {unknown}


   Skills:
 + Level 3.6 Fighting
 - Level 2.6 Short Blades
 - Level 1.7 Throwing
 - Level 2.6 Dodging


You had 2 spell levels left.
You didn't know any spells.
Your spell library was empty.

Dungeon Overview and Level Annotations

Branches:
Dungeon (2/15)

Altars:


Innate Abilities, Weirdness & Mutations

You have a pair of small antennae on your head.
You regenerate a little health from kills.


Message History

A gnoll comes into view. It is wielding a +0 whip.
The goblin attacks as it pursues you! The goblin barely misses you.
You see here an adder corpse.
The gnoll shouts!
The gnoll attacks as it pursues you! The gnoll hits you with a +0 club.
The goblin attacks as it pursues you! The goblin barely misses you.
There is a stone staircase leading up here.
The goblin misses you.
You climb upwards.
There is a stone staircase leading down here.
Unknown command.
Throw: 3 throwing nets
Press: ? - help, Q - select action, (/) - cycle Shift-Dir - straight line, f - gnoll
Aim: a gnoll, wielding a +0 club and wearing a +0 ring mail (heavily wounded, 64% to hit)
You throw a throwing net. The throwing net hits the gnoll.
The gnoll is caught in the net!
The gnoll is heavily wounded.
The goblin closely misses you.
The gnoll struggles against the net.
Unknown command.
You hit the gnoll but do no damage.
The gnoll is heavily wounded.
The goblin barely misses you.
The gnoll struggles against the net.
You hit the gnoll.
The gnoll is severely wounded.
The goblin hits you but does no damage.
The gnoll struggles against the net.
You hit the gnoll.
The gnoll is severely wounded.
The goblin misses you.
The gnoll struggles against the net.
You hit the gnoll but do no damage.
The gnoll is severely wounded.
The goblin hits you with a +0 club.
* * * LOW HITPOINT WARNING * * *
The gnoll struggles against the net.
The net rips apart, and the gnoll comes free!
You barely miss the gnoll.
The gnoll is severely wounded.
The goblin hits you with a +0 club.
* * * LOW HITPOINT WARNING * * *
The gnoll hits you with a +0 club.
You die...

#.##.##...................#
#####.##...#.#.#.##...........###
..................###.##.........
.......##).#.#.#.## #............
..................# ####.........
...........#.#.#.##### #.........
.....................# #.........
...........#.#.#g#...# #.........
...##...........@g#### #.........
).###.#.##.#.#.#.## #.........
..................# #.........
.[.........#.#.#.#######.........
...........................###...
...........#.#.#.#.....##..# ##..
.....................###..## #..
.....[.....#.#.#.#.#.###.## #..
...[....###........#.....### #..


You could see a gnoll and a goblin.

Vanquished Creatures
  An adder (D:2)
  6 bats (D:1)
  3 endoplasms (D:1)
  2 goblins (D:1)
  3 hobgoblins (D:1)
  A quokka (D:1)
  2 ball pythons
  A frilled lizard (D:1)
  A kobold (D:1)
20 creatures vanquished.

Notes
Turn   | Place    | Note
-------+----------+-------------------------------------------
     0 | D:1      | Newt the Demonspawn Gladiator began the quest for the Orb.
     0 | D:1      | Reached XP level 1. HP: 16/16 MP: 1/1
   100 | D:1      | Found a faded altar of an unknown god.
   191 | D:1      | Gained mutation: You regenerate a little health from kills.
                  | [demonic ancestry]
   191 | D:1      | Reached XP level 2. HP: 21/23 MP: 2/2
   208 | D:1      | Reached skill level 3 in Fighting
   525 | D:2      | Gained mutation: You have a pair of small antennae on your
                  | head. [demonic ancestry]
   525 | D:2      | Reached XP level 3. HP: 12/29 MP: 3/3
   708 | D:1      | Slain by a gnoll

Illustrated notes

Levels and vault maps discovered:
D:1:      scummos_arrival_forest, layout_rooms,
          shapermc_ecumenical_altar_ellora, st_stairs_12
D:2:      layout_loops_cross, minmay_gold_behind_fungi, hangedman_glass_teeth,
          grunt_ministairs_2

Skill      XL: |  1  2 |
---------------+-------+-----
Fighting       | 3 |  3.6
Short Blades   | |  2.6
Throwing       | |  1.7
Dodging        | |  2.6

Action                     || total
---------------------------++-------
  Melee: Rapier            ||    89
  Throw: Throwing net      ||     1
 Armour: Leather armour    ||    57
  Dodge: Dodged            ||    82

Table legend: (Time is in decaauts)
 A = Elapsed time spent in this place.
 B = Non-inter-level travel time spent in this place.
 C = Inter-level travel time spent in this place.
 D = Time resting spent in this place.
 E = Time spent auto-exploring this place.
 F = Levels seen in this place.
 G = Mean time per level.
                   A        B        C        D        E       F      G
               +--------+--------+--------+--------+--------+-----+--------+
         Total |    713 |    688 |     25 |    164 |    361 |   2 |  356.5 |
       Dungeon |    713 |    688 |     25 |    164 |    361 |   2 |  356.5 |
               +--------+--------+--------+--------+--------+-----+--------+

Top non-repeatable levels by time:
     D:1: 520 daAuts
     D:2: 193 daAuts
